 Dungeon Sprint DCSS version 0.18.1-48-g4cf74bf (webtiles) character file.

437392 tyranidshit the Axe Maniac (level 20, -6/216 HPs)
             Began as a Minotaur Berserker on July 22, 2016.
             Was a High Priest of Trog.
             Killed by divine providence
             ... invoked by a greater mummy
              (11 damage)
             ... in the Dungeon (Sprint IX: "|||||||||||||||||||||||||||||").
             The game lasted 00:46:32 (6296 turns).

tyranidshit the Axe Maniac (Minotaur Berserker)     Turns: 6296, Time: 00:46:34

Health: -6/216     AC: 41    Str: 32    XL:     20   Next: 89%
Magic:  27/27      EV: 27    Int:  4    God:    Trog [*****.]
Gold:   1234       SH: 29    Dex: 20    Spells: 0 memorised, 46 levels left

rFire  + + .     SeeInvis .     c - +7 hand axe "Leuvvatt" {distort, rElec rN++ MP-9}
rCold  + + .     Gourm    .     S - +4 gold dragon armour
rNeg   + + .     Faith    .     a - +0 large shield
rPois  +         Spirit   .     Q - +0 hat of the Monkey {rF+ Dex+3}
rElec  +         Dismiss  .     K - +0 cloak of Autumn {Dex+3}
rCorr  .         Reflect  .     x - +2 pair of gloves {Str+3}
SustAt .         Harm     .     D - +2 pair of boots
MR     +....     NoTele   +     (no amulet)
Stlth  +.........               (no ring)
                                P - ring "Vanal" {Wiz rC+ Dex+2 Slay+3}

@: exhausted, slowed, very slow, somewhat resistant to hostile enchantments,
very unstealthy
A: retaliatory headbutt, horns 2
a: Berserk, Trog's Hand, Brothers in Arms, Burn Spellbooks, Renounce Religion
}: 7/15 runes: decaying, serpentine, barnacled, slimy, elven, silver, gossamer


You were in the Dungeon.
You worshipped Trog.
Trog was extremely pleased with you.
You were not hungry.

You visited 1 branch You collected 1963 gold pieces.
You spent 729 gold pieces at shops.

Inventory:

Hand Weapons
 b - the +3 broad axe "Boveats" {flame, rC+ Str+3 SInv}
   (Trog gifted it to you in the Dungeon)

   It has been specially enchanted to burn those struck by it, causing extra
   injury to most foes and up to half again as much damage against particularly
   susceptible opponents.
   Big, fiery blades are also staple armaments of hydra-hunters.
   It affects your strength (+3).
   It protects you from cold.
   It lets you see invisible.
 c - the +7 hand axe "Leuvvatt" (weapon) {distort, rElec rN++ MP-9}
   (Trog gifted it to you in the Dungeon)

   It warps and distorts space around it.
   Unwielding it can cause banishment or high damage.
   It insulates you from electricity.
   It greatly protects you from negative energy.
   It affects your magic capacity (-9).
 s - a +9 broad axe of chopping
Armour
 a - a +0 large shield (worn)
 x - a +2 pair of gloves of strength (worn)
 D - a +2 pair of boots (worn)
 K - the +0 cloak of Autumn (worn) {Dex+3}
   (You found it in the Dungeon)

   It affects your dexterity (+3).
 Q - the +0 hat of the Monkey (worn) {rF+ Dex+3}
   (You found it in the Dungeon)

   It affects your dexterity (+3).
   It protects you from fire.
 R - the +0 pair of gloves "Xefeel" {rCorr Int+4 Stlth+}
   (You found it in the Dungeon)

   It affects your intelligence (+4).
   It protects you from acid and corrosion.
   It makes you more stealthy.
 S - a +4 gold dragon armour (worn)
Jewellery
 r - an uncursed ring of flight
 F - the amulet of Activism {Harm *Drain rElec MP+9}
   (You found it in the Dungeon)

   [amulet of harm]

   It increases damage dealt and taken.
   It insulates you from electricity.
   It affects your magic capacity (+9).
 G - the ring "Qukkourowk" {Fire Int-4 Dex-3 Slay+5 SInv}
   (You found it in the Dungeon)

   [ring of fire]

   It enhances your fire magic, and weakens your ice magic.
   It affects your intelligence (-4).
   It affects your dexterity (-3).
   It affects your accuracy and damage with ranged weapons and melee attacks
   (+5).
   It protects you from fire.
   It makes you vulnerable to cold.
   It lets you see invisible.
 H - the ring "Bosmuow" {SustAt rPois Dex+2}
   (You found it in the Dungeon)

   [ring of sustain attributes]

   It sustains your strength, intelligence and dexterity.
   It affects your dexterity (+2).
   It protects you from poison.
 I - a +6 ring of strength
 J - a +6 ring of dexterity
 M - the ring "Fiasugg" {rPois MR+ Int+3}
   (You found it in the Dungeon)

   [ring of poison resistance]

   It affects your intelligence (+3).
   It protects you from poison.
   It affects your resistance to hostile enchantments.
 P - the ring "Vanal" (left hand) {Wiz rC+ Dex+2 Slay+3}
   (You found it in the Dungeon)

   [ring of wizardry]

   It improves your spell success rate.
   It affects your dexterity (+2).
   It affects your accuracy and damage with ranged weapons and melee attacks
   (+3).
   It protects you from cold.
Wands
 U - a wand of hasting (1/9)
Scrolls
 e - a scroll of identify
 i - 4 scrolls of blinking
 k - 7 scrolls of remove curse
 w - 2 scrolls of enchant weapon
 y - 3 scrolls of fog
 N - 2 scrolls of fear
 O - 3 scrolls of recharging
Potions
 d - 10 potions of curing
 f - 2 potions of haste
 g - 5 potions of magic
 h - 4 potions of berserk rage
 j - a potion of invisibility
 t - a potion of cure mutation
 C - 4 potions of brilliance
 T - 4 potions of heal wounds
Books
 q - a book of Burglary

   Spells                             Type                      Level
   a - Swiftness                      Charms/Air                   2
   b - Passwall                       Transmutation/Earth          2
   c - Passage of Golubria            Translocation                4
   d - Lee's Rapid Deconstruction     Earth                        5
   e - Darkness                       Hexes                        6
   f - Invisibility                   Hexes                        6
   Trog disapproves of the use of such an item.
 u - Yneonwen's Reference Book on Virous Enhancements
   (You found it in the Dungeon)

   Spells                             Type                      Level
   a - Swiftness                      Charms/Air                   2
   b - Cure Poison                    Poison                       2
   c - Regeneration                   Charms/Necromancy            3
   d - Warp Weapon                    Charms/Translocation         5
   e - Iskenderun's Battlesphere      Conjuration/Charms           5
   Trog disapproves of the use of such an item.
Comestibles
 m - a slice of pizza
 z - 40 fruits
 A - 6 bread rations
 B - 9 meat rations


   Skills:
 O Level 27 Fighting
 O Level 27 Axes
 + Level 20.4 Throwing
 O Level 27 Armour
 O Level 27 Dodging
 O Level 27 Stealth
 O Level 27 Shields
 + Level 21.9 Unarmed Combat
 - Level 13.9 Spellcasting
 O Level 27 Evocations


You had 46 spell levels left.
You didn't know any spells.

Dungeon Overview and Level Annotations

Branches:
Dungeon (1/1)

Altars:
Cheibriados
Dithmenos
Elyvilon
Fedhas
Gozag
Kikubaaqudgha
Makhleb
Nemelex Xobeh
Okawaru
Pakellas
Qazlal
Ru
Sif Muna
Trog
Vehumet
Xom
Yredelemnul
Zin
The Shining One
Beogh
Jiyva
Lugonu

Shops:
D %=*=

Annotations:
D Royal Jelly


Innate Abilities, Weirdness & Mutations

You reflexively headbutt those who attack you in melee.
You have a pair of horns on your head.


Message History

You headbutt the guardian mummy!!
The guardian mummy is almost destroyed.
You block the guardian mummy's attack.
You completely miss the guardian mummy.
You headbutt the guardian mummy, but do no damage.
The guardian mummy is almost destroyed.
Unknown command.
You hit the guardian mummy.
You destroy the guardian mummy!
You feel extremely nervous for a moment...
You convulse helplessly as pain tears through your body!
* * * LOW HITPOINT WARNING * * *
You are no longer berserk.
Trog's vigour flows through your veins.
You are exhausted.
You feel yourself slow down.
The greater mummy mumbles some strange words.
The greater mummy casts a spell at you. Something smites you!
You die...

.0..)...))...†.......†.'.'.'.')..
▓▓▓▓▓▓▓▓▓▓▓▓▓▓▓▓▓▓▓▓▓▓▓▓▓▓▓▓▓▓▓▓▓
.................................
▓▓▓▓▓▓▓▓▓▓▓▓▓▓▓▓▓▓▓▓▓▓▓▓▓▓▓▓▓▓▓▓♣
....(...(.......'.....)))).))).'.
▓▓▓▓▓▓▓▓▓▓▓▓▓▓▓▓▓▓▓▓▓▓▓▓▓▓▓▓▓▓▓▓♣
.................................
▓▓▓▓▓▓▓▓▓▓▓▓▓▓▓▓▓▓▓▓▓▓▓▓▓▓▓▓▓▓▓▓▓
+.MMMMM@§.'.........'...
▓▓▓▓▓▓▓▓▓▓▓▓▓▓▓▓▓▓▓▓▓▓▓▓


You could see 2 greater mummies and 3 guardian mummies.

Vanquished Creatures
  7 ancient liches (D)
  2 orbs of fire (D)
  Mennas (D)
  Mara (D)
  Boris (D)
  Norris (D)
  Frederick (D)
  2 curse toes (D)
  Nikola (D)
  A golden dragon (D)
  Xtahua (D)
  A bone dragon (D)
  2 electric golems (D)
  4 liches (D)
  Rupert (D)
  26 Orb Guardians (D)
  2 tentacled monstrosities (D)
  2 deep elf blademasters (D)
  3 acid blobs (D)
  8 sphinxes (D)
  Agnes (D)
  8 shadow dragons (D)
  4 death cobs (D)
  Ilsuiw (D)
  A tengu reaver (D)
  2 draconian monks (D)
  7 storm dragons (D)
  5 greater nagas (D)
  3 fire giants (D)
  Maud (D)
  A deep elf sorcerer (D)
  2 draconian knights (D)
  Louise (D)
  A draconian scorcher (D)
  5 ghost moths (D)
  3 vault wardens (D)
  5 emperor scorpions (D)
  4 draconian shifters (D)
  A war gargoyle (D)
  An ironheart preserver (D)
  A draconian annihilator (D)
  2 draconian callers (D)
  2 stone giants (D)
  7 vampire knights (D)
  3 very ugly things (D)
  2 green draconians (D)
  4 black draconians (D)
  2 deep elf demonologists (D)
  5 yellow draconians (D)
  A purple draconian (D)
  Azrael (D)
  2 white draconians (D)
  A red draconian (D)
  A deep elf annihilator (D)
  4 death oozes (D)
  6 merfolk javelineers (D)
  25 vault guards (D)
  3 fire dragons (D)
  2 deep elf death magi (D)
  A merfolk impaler (D)
  2 yaktaur captains (D)
  2 great orbs of eyes (D)
  A deep elf high priest (D)
  5 hydras (D)
  2 ice dragons (D)
  A naga warrior (D)
  A rakshasa (D)
  2 ogre magi (D)
  An alligator (D)
  4 centaur warriors (D)
  5 merfolk aquamancers (D)
  2 merfolk avatars (D)
  2 death knights (D)
  Urug (D)
  A deep elf knight (D)
  2 swamp dragons (D)
  A deep elf archer (D)
  9 orc knights (D)
  An orb spider (D)
  2 cyclopes (D)
  3 wolf spiders (D)
  An ugly thing (D)
  6 moths of wrath (D)
  2 sirens (D)
  Maurice (D)
  5 black mambas (D)
  3 naga magi (D)
  A guardian serpent (D)
  4 spiny frogs (D)
  A rime drake (D)
  A demonic crawler (D)
  2 komodo dragons (D)
  17 guardian mummies (D)
  A tengu conjurer (D)
  4 jumping spiders (D)
  3 merfolk (D)
  A blink frog (D)
  A wind drake (D)
  3 slime creatures (D)
  2 boulder beetles (D)
  2 shadows (D)
  A wraith (D)
  2 redbacks (D)
  A tarantella (D)
  9 spriggans (D)
  2 fire elementals (D)
  A golden eye (D)
  A mottled dragon (D)
  A warg (D)
  A naga (D)
  3 hell hounds (D)
  A water moccasin (D)
  A porcupine (D)
  2 giant eyeballs (D)
  8 orc warriors (D)
  2 wasps (D)
  A centaur (D)
  An ogre (D)
  4 crocodiles (D)
  2 giant frogs (D)
  A wight (D)
  2 orc priests (D)
  A hound (D)
  5 orc wizards (D)
  An iguana (D)
  An adder (D)
  A river rat (D)
  2 shadow imps (D)
  A dart slug (D)
  2 giant geckos (D)
  5 orcs (D)
  A giant cockroach (D)
  A giant newt (D)
  A goblin (D)
  A jackal zombie (D)
  2 quokka skeletons (D)
  A quokka zombie (D)
384 creatures vanquished.

Vanquished Creatures (collateral kills)
  Saint Roka (D)
  A titan (D)
  A tentacled monstrosity (D)
  3 shadow dragons (D)
  2 greater nagas (D)
  A frost giant (D)
  4 stone giants (D)
  A spark wasp (D)
  2 ettins (D)
  An entropy weaver (D)
  3 hydras (D)
  2 naga warriors (D)
  A centaur warrior (D)
  An ogre mage (D)
  A deep troll earth mage (D)
  A death yak (D)
  An orc high priest (D)
  A spriggan berserker (D)
  A fire crab (D)
  2 swamp dragons (D)
  A shambling mangrove (D)
  A flayed ghost (D)
  2 hill giants (D)
  6 orc knights (D)
  2 ironbrand convokers (D)
  A necromancer (D)
  A vault sentinel (D)
  A naga mage (D)
  A freezing wraith (D)
  A queen bee (shapeshifter) (D)
  A troll (D)
  A two-headed ogre (shapeshifter) (D)
  A boulder beetle (D)
  A slime creature (D)
  A golden eye (shapeshifter) (D)
  A yak (D)
  A hippogriff (D)
  A vampire mosquito (D)
  A warg (D)
  A naga (D)
  4 hell hounds (D)
  2 porcupines (D)
  A swamp drake (D)
  6 orc warriors (D)
  3 wolves (D)
  A crocodile (D)
  3 giant frogs (D)
  A killer bee (D)
  An orc priest (D)
  2 orc wizards (D)
  An orc (D)
83 creatures vanquished.

Vanquished Creatures (others)
  A greater mummy (D)
  A deep elf blademaster (D)
  2 azure jellies (D)
  A deep elf demonologist (D)
  A merfolk aquamancer (D)
  An anaconda (D)
  A spatial maelstrom (D)
  A deep elf archer (D)
  3 guardian mummies (D)
12 creatures vanquished.

Grand Total: 479 creatures vanquished

Notes
Turn   | Place    | Note
--------------------------------------------------------------
     0 | D        | tyranidshit the Minotaur Berserker began the quest for the Orb.
     0 | D        | Reached XP level 1. HP: 19/19 MP: 0/0
    14 | D        | Reached ** piety under Trog
    16 | D        | Reached XP level 2. HP: 25/28 MP: 1/1
    26 | D        | Noticed an ogre
    29 | D        | Reached *** piety under Trog
    29 | D        | Reached skill level 5 in Fighting
    29 | D        | Reached skill level 5 in Axes
    29 | D        | Banished a spatial maelstrom
    36 | D        | Reached XP level 3. HP: 25/37 MP: 2/2
    39 | D        | Killed an ogre
    39 | D        | Reached skill level 5 in Armour
    39 | D        | Reached skill level 5 in Dodging
    39 | D        | Reached XP level 4. HP: 32/47 MP: 3/3
    48 | D        | Found a glowing silver altar of Zin.
    48 | D        | Found a glowing golden altar of the Shining One.
    48 | D        | Found an ancient bone altar of Kikubaaqudgha.
    48 | D        | Found a basalt altar of Yredelemnul.
    48 | D        | Found a shimmering altar of Xom.
    48 | D        | Found a radiant altar of Vehumet.
    49 | D        | Found an iron altar of Okawaru.
    50 | D        | Found a burning altar of Makhleb.
    51 | D        | Found a deep blue altar of Sif Muna.
    52 | D        | Found a bloodstained altar of Trog.
    53 | D        | Found a sparkling altar of Nemelex Xobeh.
    54 | D        | Found a white marble altar of Elyvilon.
    55 | D        | Found a roughly hewn altar of Beogh.
    56 | D        | Found a viscous altar of Jiyva.
    57 | D        | Found a corrupted altar of Lugonu.
    58 | D        | Found a blossoming altar of Fedhas.
    59 | D        | Found a snail-covered altar of Cheibriados.
    60 | D        | Found a shadowy altar of Dithmenos.
    61 | D        | Found a stormy altar of Qazlal.
    62 | D        | Found an opulent altar of Gozag.
    63 | D        | Found a sacrificial altar of Ru.
    64 | D        | Found an oddly glowing altar of Pakellas.
   129 | D        | Noticed a crocodile
   129 | D        | Noticed a crocodile
   129 | D        | Noticed a komodo dragon
   136 | D        | Killed a komodo dragon
   136 | D        | Reached **** piety under Trog
   136 | D        | Reached XP level 5. HP: 57/57 MP: 4/4
   136 | D        | Reached XP level 6. HP: 63/63 MP: 5/5
   142 | D        | Reached ***** piety under Trog
   142 | D        | Reached skill level 10 in Fighting
   142 | D        | Reached skill level 10 in Axes
   142 | D        | Reached XP level 7. HP: 72/72 MP: 6/6
   164 | D        | Noticed a two-headed ogre
   164 | D        | Noticed a troll
   166 | D        | Killed a two-headed ogre
   177 | D        | Killed a troll
   177 | D        | Reached skill level 10 in Armour
   339 | D        | Identified Yneonwen's Reference Book on Virous Enhancements
   351 | D        | Noticed a spiny frog
   355 | D        | Reached XP level 8. HP: 82/82 MP: 7/7
   356 | D        | Noticed a komodo dragon
   357 | D        | Reached skill level 10 in Dodging
   358 | D        | Noticed a rime drake
   359 | D        | Killed a spiny frog
   362 | D        | Noticed a black mamba
   369 | D        | Killed a komodo dragon
   370 | D        | Killed a rime drake
   370 | D        | Reached XP level 9. HP: 92/92 MP: 8/8
   375 | D        | Killed a black mamba
   393 | D        | Received a gift from Trog
   397 | D        | Noticed a death yak
   399 | D        | Killed a death yak
   402 | D        | Received a gift from Trog
   437 | D        | Received a gift from Trog
   450 | D        | Reached ****** piety under Trog
   450 | D        | Received a gift from Trog
   553 | D        | Noticed Maurice
   564 | D        | Killed Maurice
   581 | D        | Noticed Urug
   594 | D        | Killed Urug
   594 | D        | Reached XP level 10. HP: 85/104 MP: 3/9
   631 | D        | Received a gift from Trog
   646 | D        | Received a gift from Trog
   710 | D        | Noticed an orc high priest
   710 | D        | Noticed an orc knight
   710 | D        | Noticed an orc knight
   717 | D        | Killed an orc knight
   719 | D        | Killed an orc knight
   719 | D        | Received a gift from Trog
   730 | D        | Killed an orc high priest
   732 | D        | Noticed an orc knight
   739 | D        | Noticed an orc knight
   739 | D        | Killed an orc knight
   739 | D        | Received a gift from Trog
   739 | D        | Reached skill level 15 in Axes
   741 | D        | Noticed an orc knight
   743 | D        | Reached skill level 15 in Fighting
   744 | D        | Noticed an orc knight
   751 | D        | Killed an orc knight
   759 | D        | Killed an orc knight
   762 | D        | Killed an orc knight
   762 | D        | Reached skill level 15 in Armour
   807 | D        | Found Nashren's Jewellery Boutique.
   807 | D        | Noticed an orc knight
   807 | D        | Noticed an orc knight
   807 | D        | Noticed an orc knight
   807 | D        | Noticed an orc knight
   807 | D        | Noticed an orc knight
   813 | D        | Killed an orc knight
   817 | D        | Killed an orc knight
   817 | D        | Reached XP level 11. HP: 114/114 MP: 10/10
   823 | D        | Killed an orc knight
   823 | D        | Received a gift from Trog
   824 | D        | Found Biziruy's General Store.
   828 | D        | Killed an orc knight
   834 | D        | Killed an orc knight
   842 | D        | Found Yckonoc's Jewellery Boutique.
   846 | D        | Found Ohopoin's Food Shop.
   848 | D        | Noticed an orc knight
   858 | D        | Noticed an orc knight
   858 | D        | Killed an orc knight
   859 | D        | Noticed an orc knight
   860 | D        | Killed an orc knight
   863 | D        | Killed an orc knight
   863 | D        | Received a gift from Trog
   881 | D        | Bought a +3 ring of protection for 231 gold pieces
   891 | D        | Bought a +5 ring of dexterity for 453 gold pieces
  1147 | D        | Got the +6 battleaxe of Yguvil {chop, Int+4}
  1258 | D        | Bought a +0 shield for 45 gold pieces
  1434 | D        | Noticed an orc knight
  1434 | D        | Noticed a centaur warrior
  1436 | D        | Reached skill level 15 in Dodging
  1436 | D        | Reached skill level 1 in Shields
  1445 | D        | Noticed a lich
  1448 | D        | Killed a centaur warrior
  1449 | D        | Noticed a rakshasa
  1453 | D        | Noticed an ettin
  1453 | D        | Killed an orc knight
  1456 | D        | Noticed a necromancer
  1456 | D        | Killed a lich
  1456 | D        | Received a gift from Trog
  1456 | D        | Reached skill level 5 in Shields
  1457 | D        | Noticed a deep troll earth mage
  1467 | D        | Killed a rakshasa
  1473 | D        | Killed an ettin
  1473 | D        | Reached XP level 12. HP: 54/125 MP: 11/11
  1475 | D        | Received a gift from Trog
  1480 | D        | Killed a deep troll earth mage
  1624 | D        | Noticed an alligator
  1628 | D        | Killed an alligator
  1631 | D        | Received a gift from Trog
  1680 | D        | Noticed a merfolk avatar
  1680 | D        | Noticed a merfolk javelineer
  1681 | D        | Noticed a merfolk avatar
  1684 | D        | Killed a merfolk javelineer
  1684 | D        | Received a gift from Trog
  1685 | D        | Noticed a merfolk javelineer
  1701 | D        | Killed a merfolk avatar
  1708 | D        | Killed a merfolk avatar
  1712 | D        | Killed a merfolk javelineer
  1712 | D        | Received a gift from Trog
  1720 | D        | Reached skill level 10 in Shields
  1745 | D        | Noticed an anaconda
  1745 | D        | Noticed a naga warrior
  1754 | D        | Killed a naga warrior
  1762 | D        | Killed an anaconda
  1764 | D        | Received a gift from Trog
  1801 | D        | Received a gift from Trog
  1807 | D        | Reached XP level 13. HP: 137/137 MP: 12/12
  1814 | D        | Received a gift from Trog
  1819 | D        | Killed a ghost moth
  1897 | D        | Noticed Rupert
  1899 | D        | Noticed Maud
  1910 | D        | Killed Rupert
  1918 | D        | Killed Maud
  1928 | D        | Noticed Agnes
  1935 | D        | Killed Agnes
  1957 | D        | Noticed Azrael
  1972 | D        | Killed Azrael
  1977 | D        | Received a gift from Trog
  2017 | D        | Noticed a stone giant
  2017 | D        | Noticed an ettin
  2034 | D        | Killed a stone giant
  2038 | D        | Killed an ettin
  2039 | D        | Received a gift from Trog
  2042 | D        | Noticed a frost giant
  2044 | D        | Noticed a spark wasp
  2048 | D        | Killed a frost giant
  2051 | D        | Killed a spark wasp
  2068 | D        | Noticed a brown very ugly thing
  2077 | D        | Noticed a purple very ugly thing
  2080 | D        | Killed a brown very ugly thing
  2085 | D        | Killed a purple very ugly thing
  2086 | D        | Noticed a purple very ugly thing
  2099 | D        | Killed a purple very ugly thing
  2104 | D        | Received a gift from Trog
  2171 | D        | Received a gift from Trog
  2171 | D        | Reached XP level 14. HP: 149/149 MP: 13/13
  2190 | D        | Noticed an ironheart preserver
  2191 | D        | Noticed a vault warden
  2192 | D        | Noticed a stone giant
  2194 | D        | Noticed a stone giant
  2209 | D        | Killed a vault warden
  2209 | D        | Received a gift from Trog
  2209 | D        | Reached skill level 15 in Shields
  2211 | D        | Killed an ironheart preserver
  2212 | D        | Noticed a fire giant
  2217 | D        | Killed a stone giant
  2220 | D        | Noticed a fire giant
  2224 | D        | Received a gift from Trog
  2225 | D        | Noticed a vault warden
  2231 | D        | Killed a stone giant
  2232 | D        | Noticed a vault warden
  2235 | D        | Killed a fire giant
  2241 | D        | Killed a fire giant
  2241 | D        | Received a gift from Trog
  2244 | D        | Killed a vault warden
  2249 | D        | Killed a vault warden
  2293 | D        | Got a smoking battleaxe {god gift}
  2298 | D        | Got a slimy war axe {god gift}
  2299 | D        | Identified the +0 war axe "Mounluz" {speed, rElec rN+ Dex+3} (Trog gifted it to you in the Dungeon)
  2438 | D        | Got the +0 cloak of Autumn {Dex+3}
  2454 | D        | Got the +3 plate armour of the Lute {Slay+4 Stlth+}
  2658 | D        | Noticed Nikola
  2677 | D        | Killed Nikola
  2699 | D        | Noticed Mennas
  2700 | D        | Noticed Saint Roka
  2701 | D        | Received a gift from Trog
  2723 | D        | Killed Saint Roka
  2734 | D        | Killed Mennas
  2740 | D        | Received a gift from Trog
  2767 | D        | Noticed Xtahua
  2776 | D        | HP: 10/232 [Xtahua (4)]
  2777 | D        | Killed Xtahua
  2835 | D        | Noticed a greater naga
  2835 | D        | Noticed a greater naga
  2835 | D        | Noticed a greater naga
  2835 | D        | Noticed a greater naga
  2837 | D        | Noticed a greater naga
  2840 | D        | Killed a greater naga
  2844 | D        | Killed a greater naga
  2844 | D        | Reached XP level 15. HP: 123/162 MP: 14/14
  2849 | D        | Killed a greater naga
  2849 | D        | Received a gift from Trog
  2852 | D        | Killed a greater naga
  2853 | D        | Noticed a greater naga
  2857 | D        | Killed a greater naga
  2858 | D        | Noticed a greater naga
  2865 | D        | Killed a greater naga
  2865 | D        | Received a gift from Trog
  2875 | D        | Killed a greater naga
  2892 | D        | Got a serpentine rune of Zot
  2918 | D        | Noticed Ilsuiw
  2922 | D        | Received a gift from Trog
  2944 | D        | Killed Ilsuiw
  2944 | D        | Received a gift from Trog
  2958 | D        | Received a gift from Trog
  2979 | D        | Got a barnacled rune of Zot
  2989 | D        | Got a blackened battleaxe {god gift}
  2992 | D        | Identified the +5 battleaxe of Instinct {antimagic, SInv} (Trog gifted it to you in the Dungeon)
  3039 | D        | Received a gift from Trog
  3044 | D        | Killed a ghost moth
  3055 | D        | Killed a ghost moth
  3068 | D        | Killed a ghost moth
  3074 | D        | Received a gift from Trog
  3087 | D        | Killed a ghost moth
  3097 | D        | Got a gossamer rune of Zot
  3138 | D        | Received a gift from Trog
  3159 | D        | Received a gift from Trog
  3196 | D        | Got a decaying rune of Zot
  3352 | D        | Noticed Louise
  3366 | D        | Killed Louise
  3366 | D        | Received a gift from Trog
  3435 | D        | Reached XP level 16. HP: 161/177 MP: 15/15
  3458 | D        | Received a gift from Trog
  3478 | D        | Received a gift from Trog
  3490 | D        | Got an ancient mace {god gift}
  3491 | D        | Identified the +8 mace of Bistruuf {venom, rElec Str+4 Dex-5} (Trog gifted it to you in the Dungeon)
  3528 | D        | Received a gift from Trog
  3569 | D        | Received a gift from Trog
  3596 | D        | Received a gift from Trog
  3621 | D        | Noticed a shadow dragon
  3623 | D        | Noticed a tengu reaver
  3624 | D        | Received a gift from Trog
  3633 | D        | Killed a shadow dragon
  3638 | D        | Noticed a shadow dragon
  3638 | D        | Killed a tengu reaver
  3652 | D        | Killed a shadow dragon
  3662 | D        | Received a gift from Trog
  3749 | D        | Noticed a shadow dragon
  3749 | D        | Noticed a titan
  3749 | D        | Noticed a shadow dragon
  3749 | D        | Noticed a tentacled monstrosity
  3749 | D        | Noticed a shadow dragon
  3754 | D        | Killed a tentacled monstrosity
  3765 | D        | Killed a shadow dragon
  3768 | D        | Noticed a shadow dragon
  3770 | D        | Killed a shadow dragon
  3774 | D        | Killed a titan
  3777 | D        | Killed a shadow dragon
  3781 | D        | Noticed a shadow dragon
  3789 | D        | Killed a shadow dragon
  3795 | D        | Killed a shadow dragon
  3797 | D        | Noticed a shadow dragon
  3811 | D        | Killed a shadow dragon
  3811 | D        | Received a gift from Trog
  3818 | D        | Got a silver rune of Zot
  3899 | D        | Noticed Norris
  3902 | D        | Paralysed by Norris for 2 turns
  3909 | D        | Killed Norris
  3909 | D        | Reached skill level 27 in Axes
  3958 | D        | Got the amulet of Activism {Harm *Drain rElec MP+9}
  3960 | D        | Got the ring "Qukkourowk" {Fire Int-4 Dex-3 Slay+5 SInv}
  3962 | D        | Got the ring "Bosmuow" {SustAt rPois Dex+2}
  3964 | D        | Got the ring "Fiasugg" {rPois MR+ Int+3}
  3966 | D        | Got the ring "Vanal" {Wiz rC+ Dex+2 Slay+3}
  3990 | D        | Got the +0 hat of the Monkey {rF+ Dex+3}
  3999 | D        | Got the +0 pair of gloves "Xefeel" {rCorr Int+4 Stlth+}
  4081 | D        | Noticed Boris
  4100 | D        | Killed Boris
  4100 | D        | Reached skill level 27 in Fighting
  4100 | D        | Reached skill level 27 in Armour
  4100 | D        | Reached XP level 17. HP: 190/191 MP: 16/16
  4109 | D        | Noticed Mara
  4115 | D        | Noticed tyranidshit's illusion
  4143 | D        | Noticed tyranidshit's illusion
  4181 | D        | Killed Mara
  4195 | D        | Noticed Frederick
  4208 | D        | Killed Frederick
  4276 | D        | Received a gift from Trog
  4315 | D        | Received a gift from Trog
  4321 | D        | Reached skill level 27 in Dodging
  4322 | D        | Noticed a bone dragon
  4351 | D        | Killed a bone dragon
  4351 | D        | Reached skill level 27 in Shields
  4366 | D        | Reached skill level 5 in Stealth
  4366 | D        | Reached skill level 5 in Evocations
  4384 | D        | Received a gift from Trog
  4428 | D        | Noticed a curse toe
  4445 | D        | Killed a curse toe
  4452 | D        | Reached skill level 10 in Stealth
  4452 | D        | Reached skill level 10 in Evocations
  4512 | D        | Noticed a tentacled monstrosity
  4518 | D        | Received a gift from Trog
  4522 | D        | Received a gift from Trog
  4524 | D        | Killed a tentacled monstrosity
  4535 | D        | Received a gift from Trog
  4603 | D        | Received a gift from Trog
  4627 | D        | Reached XP level 18. HP: 191/200 MP: 26/28
  4635 | D        | Received a gift from Trog
  4635 | D        | Reached skill level 15 in Stealth
  4641 | D        | Reached skill level 15 in Evocations
  4691 | D        | Received a gift from Trog
  4724 | D        | Received a gift from Trog
  4865 | D        | Noticed an Orb Guardian
  4865 | D        | Noticed an Orb Guardian
  4865 | D        | Noticed an Orb Guardian
  4865 | D        | Noticed an Orb Guardian
  4865 | D        | Noticed an Orb Guardian
  4865 | D        | Noticed an Orb Guardian
  4869 | D        | Killed an Orb Guardian
  4875 | D        | Killed an Orb Guardian
  4882 | D        | Killed an Orb Guardian
  4885 | D        | Killed an Orb Guardian
  4886 | D        | Killed an Orb Guardian
  4887 | D        | Noticed an Orb Guardian
  4890 | D        | Noticed an Orb Guardian
  4890 | D        | Killed an Orb Guardian
  4896 | D        | Killed an Orb Guardian
  4896 | D        | Received a gift from Trog
  4903 | D        | Killed an Orb Guardian
  4905 | D        | Noticed an Orb Guardian
  4906 | D        | Noticed an Orb Guardian
  4910 | D        | Killed an Orb Guardian
  4915 | D        | Killed an Orb Guardian
  4945 | D        | Noticed an Orb Guardian
  4945 | D        | Noticed an Orb Guardian
  4945 | D        | Noticed a curse toe
  4951 | D        | Noticed an Orb Guardian
  4953 | D        | Noticed an Orb Guardian
  4955 | D        | Killed a curse toe
  4964 | D        | Killed an Orb Guardian
  4967 | D        | Killed an Orb Guardian
  4975 | D        | Received a gift from Trog
  4987 | D        | Killed an Orb Guardian
  4990 | D        | Killed an Orb Guardian
  4999 | D        | Noticed an ancient lich
  5003 | D        | Killed an ancient lich
  5003 | D        | Received a gift from Trog
  5006 | D        | Noticed an orb of fire
  5006 | D        | Gained mutation: Your body sometimes deteriorates upon taking damage. [an orb of fire]
  5028 | D        | Gained mutation: You are weak. (Str -2) [an orb of fire]
  5029 | D        | Killed an orb of fire
  5031 | D        | Lost mutation: You are weak. (Str -2) [potion of cure mutation]
  5031 | D        | Lost mutation: Your body sometimes deteriorates upon taking damage. [potion of cure mutation]
  5034 | D        | Noticed an electric golem
  5047 | D        | Killed an electric golem
  5047 | D        | Reached XP level 19. HP: 63/207 MP: 33/33
  5118 | D        | Noticed a golden dragon
  5118 | D        | Noticed an ancient lich
  5118 | D        | Noticed an electric golem
  5118 | D        | Noticed an ancient lich
  5122 | D        | Killed an ancient lich
  5123 | D        | Noticed an orb of fire
  5130 | D        | Killed an ancient lich
  5141 | D        | Killed an orb of fire
  5142 | D        | Noticed an ancient lich
  5154 | D        | Killed a golden dragon
  5156 | D        | Killed an electric golem
  5159 | D        | Noticed an ancient lich
  5163 | D        | Received a gift from Trog
  5171 | D        | Noticed an ancient lich
  5173 | D        | Killed an ancient lich
  5178 | D        | Killed an ancient lich
  5188 | D        | Killed an ancient lich
  5193 | D        | Got a brightly glowing broad axe {god gift}
  5194 | D        | Identified the +3 broad axe "Boveats" {flame, rC+ Str+3 SInv} (Trog gifted it to you in the Dungeon)
  5287 | D        | Received a gift from Trog
  5292 | D        | Reached skill level 27 in Stealth
  5292 | D        | Reached skill level 27 in Evocations
  5292 | D        | Reached skill level 1 in Throwing
  5292 | D        | Reached skill level 1 in Unarmed Combat
  5300 | D        | Reached skill level 5 in Unarmed Combat
  5305 | D        | Received a gift from Trog
  5305 | D        | Reached skill level 5 in Throwing
  5315 | D        | Reached skill level 5 in Spellcasting
  5325 | D        | Received a gift from Trog
  5328 | D        | Reached skill level 10 in Unarmed Combat
  5336 | D        | Reached skill level 10 in Throwing
  5336 | D        | Reached XP level 20. HP: 216/216 MP: 36/36
  5424 | D        | Noticed an ancient lich
  5437 | D        | Killed an ancient lich
  5437 | D        | Received a gift from Trog
  5441 | D        | Received a gift from Trog
  5451 | D        | Received a gift from Trog
  5456 | D        | Reached skill level 10 in Spellcasting
  5461 | D        | Reached skill level 15 in Unarmed Combat
  5489 | D        | Got a sapphire hand axe {god gift}
  5490 | D        | Identified the +7 hand axe "Leuvvatt" {distort, rElec rN++ MP-9} (Trog gifted it to you in the Dungeon)
  5510 | D        | Received a gift from Trog
  5527 | D        | Received a gift from Trog
  5578 | D        | Reached skill level 15 in Throwing
  5584 | D        | Received a gift from Trog
  5622 | D        | Received a gift from Trog
  5630 | D        | Got an elven rune of Zot
  5690 | D        | Noticed the Royal Jelly
  5726 | D        | Paralysed by a giant eyeball for 3 turns
  5730 | D        | Received a gift from Trog
  5733 | D        | Got a slimy rune of Zot
  5741 | D        | Received a gift from Trog
  5949 | D        | Paralysed by a sphinx for 4 turns
  5965 | D        | Received a gift from Trog
  5965 | D        | Received a gift from Trog
  5977 | D        | Received a gift from Trog
  5988 | D        | Received a gift from Trog
  6018 | D        | Received a gift from Trog
  6156 | D        | Noticed a greater mummy
  6274 | D        | Noticed a greater mummy
  6274 | D        | Noticed a greater mummy
  6278 | D        | Noticed a greater mummy
  6287 | D        | Banished a greater mummy
  6295 | D        | HP: 6/324 [guardian mummy's death curse (20)]
  6296 | D        | Killed from afar by a greater mummy

Skill      XL: |  1  2  3  4  5  6  7  8  9 10 11 12 13 14 15 16 17 18 19 20 |
---------------+-------------------------------------------------------------+-----
Fighting       | 4 5 7 9 10 11 12 14 15 17 19 20 22 24 27 | 27.0
Axes           | 4 5 7 9 10 11 12 14 15 17 19 20 22 24 27 | 27.0
Armour         | 4 5 8 9 10 12 14 15 17 18 20 22 24 27 | 27.0
Dodging        | 3 5 7 8 9 11 12 14 15 17 19 21 23 25 27 | 27.0
Shields        | 6 11 14 17 20 24 27 | 27.0
Stealth        | 14 22 27 | 27.0
Evocations     | 14 22 27 | 27.0
Throwing       | 10 20 | 20.4
Unarmed Combat | 10 21 | 21.9
Spellcasting   | 7 13 | 13.9

Action                   |  1- 3 |  4- 6 |  7- 9 | 10-12 | 13-15 | 16-18 | 19-21 || total
-------------------------+-------+-------+-------+-------+-------+-------+-------++-------
Melee: Hand axe          |    24 |     1 |       |       |       |       |   260 ||   285
       Headbutt          |     3 |     1 |     5 |    49 |   121 |   255 |   153 ||   587
       Broad axe         |       |    11 |    27 |   115 |   327 |   644 |   143 ||  1267
       Executioner's axe |       |       |    15 |    13 |       |       |       ||    28
       Battleaxe         |       |       |       |    44 |       |       |       ||    44
Invok: Trog's Hand       |     1 |     1 |     2 |     5 |     7 |     7 |    13 ||    36
       Berserk           |     1 |     1 |     1 |     4 |     6 |     1 |     4 ||    18
       Brothers in Arms  |       |       |     5 |     7 |     8 |     6 |       ||    26
Evoke: Wand              |       |       |       |       |       |     2 |     2 ||     4
  Use: Scroll            |       |       |     4 |     4 |     3 |       |     1 ||    12
       Potion            |       |       |       |     4 |    10 |     3 |     3 ||    20
 Stab: Sleeping          |       |       |       |     1 |       |       |       ||     1
  Eat: Bread ration      |       |       |     1 |     1 |     3 |     1 |     2 ||     8
       Meat ration       |       |       |       |     2 |       |     1 |       ||     3
Armor: Animal skin       |     1 |       |       |       |       |       |       ||     1
       Scale mail        |       |       |     8 |       |       |       |       ||     8
       Plate armour      |       |       |    19 |    13 |    87 |    11 |       ||   130
       Shadow dragon arm |       |       |       |    25 |    29 |       |       ||    54
       Gold dragon armou |       |       |       |       |       |    66 |    73 ||   139
Dodge: Dodged            |    11 |     5 |    29 |    55 |   202 |   157 |   114 ||   573
Block: Shield            |       |       |       |    60 |   194 |       |       ||   254
       Large shield      |       |       |       |       |     4 |   420 |   264 ||   688
